Map: Heavy Artillery LE

Players

Angelwhite - Winner!

  • Race: Terran Terran
  • League: Gold
  • Spawn Location: 7:00

Riksosten - Winner!

  • Race: Zerg Zerg
  • League: Master
  • Spawn Location: 7:00

Massa

  • Race: Terran Terran
  • League: Gold
  • Spawn Location: 1:00

qqq

  • Race: Terran Terran
  • League: Platinum
  • Spawn Location: 3:00

VOD

Have the link to the VOD?

Description

Time

  • Played on: June 2, 2020, 12:18 p.m.
  • Length: 12:11
Show
View Real Time Build Order
Export as new Build Order

Angelwhite Terran - Winner!

Build Orders: Gas First Reaper Expand 

Get SALT Encoding   

  12  0:01  SCV  
  13  0:13  SCV  
  14  0:18  Supply Depot  
  14  0:25  SCV  
  15  0:29  Refinery  
  15  0:39  SCV  
  16  0:45  Barracks  
  16  0:51  SCV  
  17  1:03  SCV  
  18  1:15  SCV  
  19  1:45  Orbital Command  
  19  1:49  Reaper  
  19  1:50  Command Center  
  20  1:56  Supply Depot  
  19  2:13  SCV  
  20  2:26  Factory  
  20  2:31  Barracks  
  20  2:33  Barracks Tech Lab  
  20  2:37  Barracks Reactor  
  20  2:40  SCV  
  21  2:45  Supply Depot  
  21  2:52  SCV  
  22  3:04  Orbital Command, SCV  
  23  3:14  Factory Tech Lab  
  23  3:16  SCV  
  23  3:18  Supply Depot  
  24  3:23  Refinery  
  24  3:28  SCV, Marine x2  
  24  3:32  Barracks Tech Lab  
  27  3:40  SCV  
  31  3:44  SCV  
  31  3:45  Marine  
  33  3:53  SCV, Marine  
  33  3:54  Marine  
  36  3:56  SCV  
  36  3:57  Combat Shield  
  37  4:05  SCV  
  37  4:07  Marine  
  39  4:11  Marine  
  39  4:14  SCV  
  41  4:17  SCV  
  41  4:19  Supply Depot  
  43  4:25  Marauder, Marine  
  43  4:26  SCV  
  43  4:29  SCV  
  47  4:32  Refinery  
  47  4:33  Refinery  
  47  4:34  Marine  
  47  4:38  SCV  
  49  4:42  Supply Depot  
  49  4:43  Marine  
  49  4:44  Engineering Bay  
  50  4:47  Marauder, Engineering Bay  
  50  4:49  SCV  
  50  4:50  SCV  
  54  4:55  Marine  
  55  5:00  Marine  
  55  5:01  SCV  
  55  5:02  SCV  
  55  5:05  Starport  
  58  5:08  Supply Depot  
  58  5:13  SCV  
  59  5:15  SCV  
  60  5:23  Marine x2  
  60  5:25  SCV  
  60  5:26  Marauder  
  60  5:27  SCV  
  66  5:31  Supply Depot  
  66  5:37  SCV  
  66  5:38  Terran Infantry Weapons Level 1  
  66  5:39  Terran Infantry Armor Level 1  
  66  5:42  Armory  
  67  5:44  SCV  
  67  5:49  SCV  
  69  5:55  Marine x2, Supply Depot  
  69  5:56  Marauder  
  73  6:01  SCV x2  
  77  6:05  Supply Depot  
  77  6:09  Starport Reactor  
  75  6:13  SCV, Marine x2  
  75  6:14  SCV  
  79  6:25  SCV  
  80  6:26  SCV, Marine  
  80  6:28  Supply Depot  
  80  6:30  Marine  
  83  6:33  Supply Depot  
  83  6:37  SCV  
  84  6:42  Terran Vehicle Weapons Level 1  
  84  6:43  Marine  
  84  6:45  Marauder  
  87  6:47  Medivac x2  
  87  6:48  Marine  
  87  6:51  Command Center  
  92  6:57  Barracks  
  92  6:58  Barracks  
  92  7:02  Barracks  
  92  7:04  SCV x2  
  92  7:06  Marauder  
  96  7:16  SCV  
  96  7:17  Medivac, Supply Depot  
  99  7:22  Supply Depot  
  99  7:26  Marine  
  99  7:27  Marauder  
  99  7:28  Marine  
  103  7:36  Viking  
  105  7:40  Supply Depot  
  105  7:47  Viking  
  105  7:49  Supply Depot  
  107  7:58  Stimpack  
  107  8:00  Marine x2  
  107  8:01  Marine  
  107  8:04  Barracks Reactor  
  107  8:05  Supply Depot  
  110  8:06  Barracks Reactor  
  110  8:07  Barracks Tech Lab  
  110  8:12  Supply Depot  
  110  8:17  Viking  
  110  8:18  Marine, Viking  
  110  8:19  Marauder  
  117  8:25  Terran Infantry Weapons Level 2  
  117  8:27  Terran Infantry Armor Level 2, Siege Tank  
  117  8:30  Marine  
  117  8:33  Marauder  
  120  8:40  Marauder  
  122  8:53  Marine x4  
  122  8:54  Marine x3  
  129  8:59  Siege Tank  
  129  9:01  Marine, Medivac  
  129  9:02  Viking  
  137  9:04  SCV x3  
  140  9:11  Marine x3  
  140  9:16  Orbital Command  
  143  9:20  SCV x2  
  145  9:24  Marine  
  145  9:25  Marine  
  145  9:26  Marine  
  145  9:29  Marauder  
  145  9:31  Viking, Siege Tank  
  153  9:32  SCV  
  153  9:33  Marauder  
  153  9:38  Concussive Shells  
  158  9:40  Refinery  
  158  9:44  Refinery  
  158  9:47  Factory  
  158  9:49  Starport  
  158  9:52  Barracks  
  158  9:57  Barracks  
  158  9:58  SCV x3  
  161  10:10  SCV x2  
  163  10:31  Marine x2  
  163  10:32  Marine x4  
  163  10:33  Marauder  
  163  10:34  Marauder, Siege Tank  
  163  10:35  Medivac x2  
  180  10:55  Marauder x2  
  184  11:05  Medivac x2  
  188  11:13  Siege Tank  
  189  11:35  Medivac  
  160  11:50  Marine  
  160  11:51  Marine x7  
Show
View Real Time Build Order
Export as new Build Order

Riksosten Zerg - Winner!

Build Orders: Hatch First 

Get SALT Encoding   

  12  0:01  Drone  
  13  0:14  Overlord  
  13  0:17  Drone  
  14  0:32  Drone x2  
  16  0:36  Drone  
  17  0:54  Hatchery  
  17  0:56  Drone  
  17  0:58  Drone  
  18  1:10  Extractor  
  17  1:12  Spawning Pool  
  17  1:15  Drone  
  17  1:26  Drone  
  17  1:30  Drone  
  19  1:45  Overlord  
  19  1:53  Drone  
  20  2:01  Queen  
  22  2:03  Zergling x2  
  23  2:10  Queen  
  23  2:11  Zergling x2  
  23  2:15  Drone  
  27  2:17  Drone  
  27  2:21  Metabolic Boost  
  28  2:25  Drone  
  28  2:28  Drone  
  30  2:37  Drone  
  30  2:40  Hatchery  
  30  2:43  Drone  
  31  2:46  Drone  
  31  2:49  Overlord  
  32  2:53  Queen  
  34  3:00  Drone x2  
  35  3:14  Overlord  
  35  3:16  Drone x4  
  35  3:17  Queen  
  41  3:23  Drone  
  41  3:24  Drone  
  43  3:32  Queen  
  45  3:34  Overlord  
  45  3:35  Drone x2  
  47  3:47  Overlord  
  47  3:49  Overlord  
  47  3:52  Drone x2  
  47  3:53  Drone x3  
  47  3:54  Queen  
  54  3:59  Queen  
  56  4:09  Queen  
  58  4:12  Overlord  
  58  4:13  Drone  
  58  4:14  Drone x4  
  63  4:18  Baneling Nest  
  62  4:25  Evolution Chamber x2  
  62  4:26  Drone x2  
  62  4:27  Drone  
  63  4:34  Queen, Overlord  
  63  4:36  Overlord  
  63  4:37  Zergling x2  
  63  4:38  Zergling x2  
  67  4:39  Zergling x2  
  67  4:40  Zergling x2  
  67  4:41  Zergling x2  
  67  4:43  Zergling x2  
  71  4:50  Overlord  
  71  4:52  Zerg Ground Armor Level 1  
  71  4:53  Zergling x6  
  71  4:56  Zergling x4  
  71  4:58  Overlord  
  71  4:59  Drone  
  77  5:00  Drone  
  77  5:01  Drone  
  77  5:03  Drone  
  77  5:04  Drone  
  81  5:11  Extractor  
  81  5:12  Extractor  
  79  5:17  Drone x3  
  79  5:18  Drone x2  
  79  5:19  Drone x2  
  79  5:20  Drone  
  87  5:29  Extractor, Drone  
  87  5:30  Extractor, Drone x5  
  87  5:31  Extractor, Zerg Melee Weapons Level 1  
  87  5:34  Drone  
  91  5:37  Drone  
  92  5:48  Overlord  
  92  5:54  Drone x2  
  92  5:55  Drone x6  
  92  5:56  Lair  
  100  6:05  Zergling x8  
  100  6:06  Zergling x2  
  105  6:12  Hatchery, Queen  
  105  6:17  Overlord x3  
  106  6:19  Zergling x6  
  106  6:21  Hatchery, Baneling x3  
  106  6:22  Baneling x3  
  106  6:23  Zergling x2  
  109  6:39  Overlord  
  110  6:40  Zergling x16  
  117  6:48  Overlord  
  117  6:49  Overlord  
  117  6:50  Zergling x6  
  117  6:53  Centrifical Hooks  
  117  6:54  Zerg Ground Armor Level 2  
  120  6:58  Drone  
  120  6:59  Spire  
  119  7:16  Overlord  
  119  7:17  Zergling x2  
  119  7:18  Zergling x20  
  130  7:29  Spore Crawler  
  129  7:30  Spore Crawler  
  129  7:32  Spore Crawler  
  129  7:33  Drone  
  129  7:34  Drone  
  129  7:38  Queen  
  126  7:58  Queen  
  126  7:59  Queen x3  
  126  8:00  Overlord  
  126  8:04  Drone  
  126  8:05  Drone x3  
  137  8:10  Zerg Melee Weapons Level 2  
  137  8:11  Overlord  
  137  8:12  Corruptor x5  
  139  8:13  Corruptor  
  139  8:15  Corruptor  
  139  8:19  Overlord  
  150  8:27  Overlord  
  150  8:41  Overlord  
  150  8:42  Drone x7  
  150  8:43  Drone x3  
  150  8:44  Drone x3  
  163  8:48  Extractor x2  
  161  9:03  Corruptor  
  161  9:04  Corruptor x6  
  161  9:09  Zerg Flyer Weapons Level 1  
  175  9:17  Hydralisk Den  
  174  9:25  Overlord  
  174  9:29  Pneumatized Carapace  
  174  9:30  Burrow  
  174  9:31  Overseer x3  
  174  9:32  Overseer  
  174  9:38  Overlord  
  174  9:40  Hatchery  
  173  9:46  Hatchery  
  173  9:49  Grooved Spines  
  173  9:52  Spire  
  171  9:59  Zerg Missile Weapons Level 1, Infestation Pit  
  170  10:05  Corruptor  
  170  10:06  Corruptor x5  
  182  10:13  Overlord  
  181  10:22  Baneling x4  
  181  10:23  Baneling x4  
  181  10:34  Corruptor x4  
  189  10:38  Zergling x22  
  189  10:41  Baneling  
  189  10:42  Baneling  
  200  10:43  Baneling x8  
  200  10:44  Baneling  
  200  11:05  Overlord x2  
  200  11:17  Baneling  
  200  11:18  Baneling x9  
  180  11:39  Zergling x2  
  155  11:40  Zergling x36  
  155  11:41  Zergling x28  
Show
View Real Time Build Order
Export as new Build Order

Massa Terran 

Build Orders:  

Get SALT Encoding   

  12  0:09  Supply Depot  
  12  0:15  SCV  
  13  0:27  SCV  
  14  0:39  SCV, Barracks  
  15  1:01  SCV  
  16  1:13  SCV  
  17  1:25  SCV  
  18  1:36  Marine  
  18  1:37  SCV  
  20  1:43  Command Center  
  20  1:47  Refinery  
  20  1:49  Refinery  
  20  1:50  SCV  
  21  1:54  Marine  
  22  2:12  Marine  
  23  2:21  Supply Depot  
  23  2:24  Supply Depot  
  23  2:29  Supply Depot  
  23  2:33  Orbital Command  
  23  2:43  Marine  
  24  3:01  Marine  
  24  3:03  Supply Depot  
  24  3:20  Marine  
  24  3:26  SCV x2  
  27  3:32  Factory  
  27  3:38  SCV x2, Marine, Engineering Bay  
  30  3:50  SCV x2  
  32  4:01  Barracks  
  32  4:02  SCV  
  33  4:16  Factory Tech Lab  
  33  4:18  Barracks Tech Lab  
  33  4:22  Barracks  
  33  4:27  Missile Turret  
  33  4:35  Orbital Command, SCV  
  34  4:42  Stimpack  
  34  4:45  Marauder  
  36  4:47  SCV, Missile Turret, Siege Tank  
  41  5:00  SCV  
  41  5:05  Marine  
  41  5:06  Marine  
  43  5:07  Missile Turret  
  43  5:12  SCV  
  44  5:23  Marine  
  44  5:24  SCV, Marauder  
  44  5:27  Missile Turret  
  48  5:32  Marine  
  49  5:39  Refinery, SCV x2  
  49  5:41  Marine  
  52  5:45  Marauder  
  54  5:50  Marine  
  54  5:51  SCV x2  
  54  5:53  Starport  
  57  5:58  Marine  
  57  6:03  SCV x2  
  60  6:06  Marine  
  60  6:08  Marine  
  62  6:15  SCV  
  62  6:16  Marine  
  62  6:17  Siege Tank  
  67  6:24  Supply Depot  
  67  6:25  Terran Infantry Weapons Level 1  
  67  6:47  Supply Depot  
  67  6:58  Sensor Tower  
  67  7:03  Sensor Tower  
  67  7:05  Medivac  
  69  7:11  Supply Depot  
  69  7:33  Supply Depot  
  69  7:57  SCV  
  69  7:58  SCV  
  71  8:03  Command Center  
  71  8:04  Siege Tank  
  74  8:09  SCV  
  74  8:10  SCV, Engineering Bay  
  76  8:14  Armory  
  76  8:20  Terran Infantry Armor Level 1, Medivac  
  76  8:21  SCV  
  76  8:22  SCV  
  80  8:33  SCV  
  80  8:34  Barracks Reactor x2, SCV  
  81  8:36  Marauder  
  81  8:37  Siege Tank  
  87  8:45  Barracks  
  87  8:46  SCV x2  
  89  8:57  Marine, Command Center  
  89  8:58  SCV x2  
  89  9:02  Armory  
  92  9:10  SCV x2  
  92  9:14  Starport Reactor  
  92  9:15  Marine  
  95  9:23  Refinery  
  95  9:27  Thor  
  101  9:34  Barracks  
  101  9:36  Factory  
  101  9:41  Planetary Fortress  
  101  9:50  Supply Depot  
  101  9:52  Refinery  
  101  10:13  Supply Depot  
  97  10:30  Factory Tech Lab  
  97  10:32  Thor  
  103  10:36  Barracks Reactor, Barracks Tech Lab, Supply Depot  
  103  10:37  Marauder  
  103  10:38  Marine x4  
  109  10:50  Thor  
  109  10:55  SCV, Marine  
  109  10:56  Refinery, Marine x3  
  120  10:59  Marauder  
  122  11:07  Refinery, SCV  
  123  11:13  Marine, Medivac  
  123  11:14  Marine x3  
  129  11:19  SCV  
  129  11:20  Marauder  
  132  11:31  SCV, Marine x4  
  98  11:42  Marauder  
  79  11:49  Marine  
Show
View Real Time Build Order
Export as new Build Order

qqq Terran 

Build Orders:  

Get SALT Encoding   

  12  0:01  SCV  
  13  0:24  SCV, Supply Depot  
  14  0:30  Refinery  
  14  0:36  SCV  
  15  0:49  Barracks  
  15  0:57  SCV  
  16  1:09  SCV  
  17  1:21  SCV  
  18  1:35  Command Center  
  18  1:51  Factory  
  18  1:56  Marine  
  18  2:00  SCV  
  20  2:03  Supply Depot  
  20  2:13  SCV  
  21  2:17  Marine  
  22  2:25  SCV  
  23  2:37  SCV  
  23  2:41  Starport, Factory Tech Lab  
  24  2:49  SCV  
  25  2:51  Supply Depot  
  25  2:56  SCV  
  26  3:01  SCV  
  27  3:06  Refinery  
  27  3:08  SCV  
  28  3:13  SCV  
  28  3:14  Siege Tank  
  32  3:37  SCV  
  33  3:49  SCV  
  33  3:53  Starport Tech Lab, Fusion Core  
  34  3:58  SCV  
  34  4:01  SCV  
  36  4:10  SCV  
  36  4:14  SCV  
  38  4:22  SCV  
  39  4:25  Engineering Bay  
  39  4:26  SCV  
  40  4:34  SCV  
  40  4:38  Refinery, SCV  
  42  4:46  SCV  
  42  4:50  SCV  
  44  4:55  Battlecruiser  
  44  4:57  Command Center  
  44  4:58  SCV  
  51  5:02  SCV  
  51  5:06  Refinery  
  52  5:14  SCV  
  52  5:17  Sensor Tower  
  53  5:26  SCV  
  54  5:49  Supply Depot  
  54  5:54  Weapon Refit  
  54  6:09  SCV x2, Battlecruiser  
  54  6:11  Supply Depot  
  62  6:21  SCV x2  
  64  6:25  Starport  
  64  6:28  Missile Turret  
  64  6:33  SCV x2  
  64  6:34  Supply Depot  
  64  6:36  SCV  
  67  6:45  SCV x2  
  68  6:48  SCV  
  68  6:50  Missile Turret  
  69  6:56  Supply Depot  
  69  6:57  SCV x2  
  69  7:01  SCV  
  72  7:09  SCV  
  72  7:11  Armory, Missile Turret  
  72  7:12  SCV  
  72  7:13  SCV, Battlecruiser  
  81  7:16  Refinery  
  81  7:18  Refinery  
  81  7:20  Supply Depot  
  81  7:21  Starport Tech Lab  
  81  7:22  SCV  
  82  7:24  SCV  
  82  7:29  Starport  
  83  7:32  Missile Turret  
  82  7:43  Supply Depot  
  82  7:58  Missile Turret  
  82  8:09  Battlecruiser  
  88  8:14  Starport Tech Lab  
  88  8:18  Terran Vehicle Weapons Level 1, Battlecruiser  
  94  8:20  Starport  
  94  8:46  Battlecruiser  
  100  8:52  SCV  
  100  8:53  SCV  
  103  8:56  Orbital Command  
  103  9:01  Marine  
  103  9:04  Thor  
  109  9:17  Starport Reactor  
  109  9:18  Marine  
  109  9:21  Battlecruiser  
  116  9:34  Supply Depot  
  116  9:36  Marine  
  117  9:49  Smart Servos  
  117  9:55  Marine, Thor  
  117  9:56  Supply Depot  
  124  10:13  Marine, Terran Ship Weapons Level 1  
  125  10:18  Medivac x2  
  125  10:19  Supply Depot  
  129  10:32  Battlecruiser  
  129  10:42  Supply Depot  
  129  10:47  Medivac  
  131  10:56  Thor  
  137  11:06  Supply Depot  
  137  11:08  Factory  
  137  11:29  Supply Depot  
  136  11:36  Barracks  
  108  11:41  Barracks  
  84  11:51  Factory  
  84  11:52  Supply Depot  
  84  12:05  Factory Tech Lab  
Tags
 
Add a new tag
Caveats
  • Supply blocks, unpowered buildings, or Contaminate may cause inaccurate times.
  • Supply counts are checked every 10 seconds.